 Dungeon Crawl Stone Soup version 0.31-a0-851-g7ff8af7976 (webtiles) character file.

Game seed: 13773640985862604636

2612 retardedninja the Sneak (level 9, -9/45 HPs)
             Began as a Gargoyle Fire Elementalist on Oct 5, 2023.
             Was a Follower of Vehumet.
             Mangled by a mummy (12 damage)
             ... in an ossuary.
             The game lasted 00:17:57 (10218 turns).

retardedninja the Sneak (GrFE)                     Turns: 10218, Time: 00:17:58

Health: -9/45      AC: 19    Str:  9 (11) XL:     9   Next: 60%
Magic:  2/17       EV: 13    Int: 19 (21) God:    Vehumet [*.....]
Gold:   522        SH:  0    Dex: 11 (13) Spells: 16/19 levels left

rFire   + + .        j - +1 halberd
rCold   . . .        (shield currently unavailable)
rNeg    + . .        a - +1 robe
rPois   ∞            w - +0 helmet
rElec   +            k - +0 cloak "Mebb" {rF+ Dex+3 Slay-3 Stlth+}
rCorr   .            h - +2 pair of gloves
SInv    .            t - +0 pair of boots
Will    .....        (no amulet)
Stlth   ++++         g - ring of protection from fire
HPRegen 0.27/turn    q - +4 ring of protection
MPRegen 0.15/turn

%: no passive effects
@: attractive, invisible
A: sickness immunity, AC +6, negative energy resistance 1, electricity
resistance, torment resistance 1, petrification resistance
a: Renounce Religion


You were in an ossuary.
You worshipped Vehumet.
Vehumet was aware of your devotion.
You visited 2 branches of the dungeon, and saw 8 of its levels.
You also visited: Ossuary.

You collected 522 gold pieces.

Inventory:

Hand Weapons
 j - a +1 halberd (weapon)
Armour
 a - a +1 robe (worn)
 h - a +2 pair of gloves (worn)
 k - the +0 cloak "Mebb" (worn) {rF+ Dex+3 Slay-3 Stlth+}
   (You found it on level 2 of the Dungeon)

   Dex+3:     It affects your dexterity (+3).
   Slay-3:    It affects your accuracy & damage with ranged weapons and melee
   (-3).
   rF+:       It protects you from fire.
   Stlth+:    It makes you more stealthy.
 t - a +0 pair of boots (worn)
 w - a +0 helmet (worn)
Jewellery
 g - a ring of protection from fire (left hand)
 q - a +4 ring of protection (right hand)
Scrolls
 e - a scroll of noise
 n - a scroll of identify
 r - a scroll of blinking {unknown}
 y - a scroll of poison {unknown}
Potions
 b - a potion of cancellation {unknown}
 c - 3 potions of curing
 d - 3 potions of brilliance
 f - a potion of heal wounds
 m - a potion of lignification
 v - a potion of mutation


   Skills:
 + Level 5.0 Dodging
 + Level 7.1 Stealth
 + Level 5.5 Spellcasting
 + Level 6.2 Conjurations
 + Level 6.4 Fire Magic


You had 16 spell levels left.
You knew the following spells:

 Your Spells              Type           Power      Damage    Failure   Level
a - Foxfire               Conj/Fire      100%       2x1d9     1%          1
b - Scorch                Fire           58%        2d7       1%          2

Your spell library contained the following spells:

 Spells                   Type           Power      Damage    Failure   Level
 Magic Dart               Conj           100%       1d8       1%          1
 Flame Wave               Conj/Fire      29%        2d9       9%          4
 Sticky Flame             Conj/Fire      29%        2d5       9%          4
 Hailstorm                Conj/Ice       17%        3d6       10%         3
 Inner Flame              Hex/Fire       17%        N/A       10%         3
 Volatile Blastmotes      Fire/Tloc      34%        2d12      10%         3
 Freeze                   Ice            20%        1d4       12%         1
 Ignite Poison            Fire/Tmut/Pois 13%        N/A       14%         3
 Ensorcelled Hibernation  Hex/Ice        10%        N/A       19%         2
 Passwall                 Tmut/Erth      4%         N/A       19%         2
 Frozen Ramparts          Ice            10%        1d2       34%         3
 Swiftness                Air            5%         N/A       34%         3
 Passage of Golubria      Tloc           5%         N/A       75%         4
 Silence                  Hex/Air        2%         N/A       97%         5
 Ignition                 Fire           14%        3d6       100%        8
 Lehudib's Crystal Spear  Conj/Erth      8%         10d4      100%        8


Dungeon Overview and Level Annotations

Branches:
Dungeon (7/15)             Temple (1/1) D:6         Ossuary (1/1)

Altars:
Ashenzari
Dithmenos
Elyvilon
Gozag
Hepliaklqana
Makhleb
Nemelex Xobeh
Okawaru
Qazlal
Ru
Uskayaw
Vehumet
Wu Jian
Xom
Yredelemnul
Zin

Annotations:
D:2 1 runed translucent door, Crazy Yiuf


Innate Abilities, Weirdness & Mutations

You are immune to sickness and miasma.
Your stone body is resilient. (AC +6)
You are immune to poison.
You resist negative energy. (rN+)
You are resistant to electric shocks. (rElec)
You are resistant to unholy torment.
You are immune to petrification.


Message History

The hornet zombie closely misses you.
The howler monkey zombie hits you but does no damage.
The hornet zombie misses you. The mummy misses you.
The howler monkey zombie hits you but does no damage.
The hornet zombie hits you.
The bullfrog zombie is attracted toward you. x2
Unknown command.
The hornet zombie hits you but does no damage.
The hornet zombie closely misses you. The mummy closely misses you.
The howler monkey zombie misses you.
The bullfrog zombie is attracted toward you. x2
You catch the helpless mummy completely off-guard!
You hit the mummy.
The mummy is severely damaged.
The hornet zombie hits you.
* * * LOW HITPOINT WARNING * * *
The hornet zombie hits you but does no damage.
The howler monkey zombie hits you but does no damage.
The hornet zombie misses you. The hornet zombie barely misses you.
The mummy misses you. The mummy is attracted toward you.
As you read the scroll of identify, it crumbles to dust.
e - a scroll of noise The hornet zombie barely misses you.
The howler monkey zombie closely misses you.
The hornet zombie barely misses you.
The hornet zombie hits you but does no damage.
The mummy is attracted toward you.
As you read the scroll labelled HEOTRE YKLOTEM, it crumbles to dust.
It is a scroll of enchant armour.
Your +0 robe glows green for a moment.
The hornet zombie closely misses you.
The howler monkey zombie barely misses you.
The mummy hits you but does no damage. The hornet zombie closely misses you.
As you read the scroll labelled UPORUO QAMOB, it crumbles to dust.
It is a scroll of enchant weapon.
Your +0 halberd glows red for a moment.
The hornet zombie hits you.
* * * LOW HITPOINT WARNING * * *
The howler monkey zombie misses you. The hornet zombie hits you.
* * * LOW HITPOINT WARNING * * *
The hornet zombie closely misses you. The mummy hits you!
You die...

..........Z'.##
'##'##'##.##~#
#Z..#Z~.##
#ZZ!#~###
#?ZZ#~~ #####~#
~.Z #####
#####~# #.@M#
#∩..#


#ZZZ# #.∩.# #..Z# #..M# ##M## ##M## +......~.~~. #'#'#'#~#'#.~ # #. .# ~. .~P ##
#####~#~#~ ≈#≈≈~ You could see 2 mummies, a bullfrog zombie (wandering, unable
to see you), 2 hornet zombies and a howler monkey zombie (unable to see you).

Vanquished Creatures
  Grinder (D:5)
  A steam dragon (D:6)
  A water moccasin (D:4)
  A black bear (D:5)
  An ice beast (D:5)
  An ogre (D:4)
  A phantom (D:5)
  A centaur (D:6)
  2 scorpions (D:5)
  A bullfrog (D:5)
  2 wyvern zombies (Ossuary)
  8 wights
  A howler monkey (D:6)
  2 centaur zombies (Ossuary)
  2 bullfrog zombies (Ossuary)
  6 hounds
  A jelly (D:6)
  A sleepcap (D:5)
  Ijyb (D:3)
  5 iguanas
  6 orc wizards
  10 mummies
  A howler monkey zombie (Ossuary)
  Robin (D:4)
  4 gnolls
  4 adders
  A river rat (D:5)
  6 worms
  3 dart slugs (D:2)
  13 orcs
  8 endoplasms
  5 giant cockroaches
  13 goblins
  7 hobgoblins
  2 jackals (D:1)
  A quokka (D:2)
  6 ball pythons
  12 bats
  8 frilled lizards
  3 kobolds
  An orc zombie (D:7)
  8 rats
163 creatures vanquished.

Vanquished Creatures (collateral kills)
  2 foxfires (Ossuary)
2 creatures vanquished.

Vanquished Creatures (others)
  532 foxfires
532 creatures vanquished.

Grand Total: 697 creatures vanquished

Notes
Turn   | Place    | Note
-------+----------+-------------------------------------------
     0 | D:1      | retardedninja the Gargoyle Fire Elementalist began the
                  | quest for the Orb.
     0 | D:1      | Reached XP level 1. HP: 10/10 MP: 3/3
   453 | D:1      | Reached XP level 2. HP: 15/15 MP: 1/5
  1397 | D:1      | Reached XP level 3. HP: 19/19 MP: 4/6
  1791 | D:1      | Learned a level 2 spell: Scorch
  2317 | D:2      | Reached XP level 4. HP: 24/24 MP: 7/7
  2682 | D:2      | Identified the +0 cloak "Mebb" {rF+ Dex+3 Slay-3 Stlth+}
  2712 | D:2      | Reached skill level 3 in Stealth
  2989 | D:2      | Found a runed translucent door.
  2990 | D:2      | Noticed Crazy Yiuf
  3560 | D:2      | Reached XP level 5. HP: 28/28 MP: 5/9
  4399 | D:3      | Noticed Ijyb
  4410 | D:3      | Killed Ijyb
  5397 | D:4      | Noticed an ogre
  5402 | D:4      | Killed an ogre
  5403 | D:4      | Reached XP level 6. HP: 32/32 MP: 7/10
  5950 | D:4      | Found an opulent altar of Gozag.
  6088 | D:4      | Reached skill level 4 in Stealth
  6216 | D:4      | Found a basalt altar of Yredelemnul.
  6275 | D:4      | Found a white marble altar of Elyvilon.
  6533 | D:4      | Noticed Robin
  6574 | D:4      | Killed Robin
  6710 | D:5      | Entered Level 5 of the Dungeon
  6712 | D:5      | Noticed a water moccasin
  6721 | D:4      | Killed a water moccasin
  6722 | D:4      | Reached XP level 7. HP: 35/36 MP: 0/12
  7096 | D:5      | Noticed Grinder
  7112 | D:5      | Killed Grinder
  7113 | D:5      | Reached skill level 5 in Stealth
  7113 | D:5      | Reached XP level 8. HP: 36/41 MP: 0/14
  7224 | D:5      | Reached skill level 5 in Fire Magic
  7346 | D:5      | Found a glowing silver altar of Zin.
  7346 | D:5      | Found an iron altar of Okawaru.
  8398 | D:6      | Reached skill level 5 in Conjurations
  8550 | D:6      | Reached skill level 6 in Stealth
  8766 | D:6      | Found a staircase to the Ecumenical Temple.
  8777 | Temple   | Entered the Ecumenical Temple
  8789 | Temple   | Became a worshipper of Vehumet
  8817 | D:6      | Reached XP level 9. HP: 45/45 MP: 9/16
  8967 | D:6      | Reached skill level 5 in Spellcasting
  9615 | D:6      | Found a hide-covered altar of Uskayaw.
  9919 | D:7      | Found a sand-covered staircase.
  9925 | Ossuary  | Entered an ossuary
  9979 | Ossuary  | Reached skill level 7 in Stealth
 10146 | Ossuary  | Reached skill level 5 in Dodging
 10176 | Ossuary  | Reached * piety under Vehumet
 10176 | Ossuary  | Offered knowledge of Magic Dart by Vehumet.
 10218 | Ossuary  | Mangled by a mummy

Illustrated notes

Levels and vault maps discovered:
D:1:      lemuel_arrival_muddy, layout_basic, minmay_box_of_dots
D:2:      layout_loops_cross, chequers_serial_rivers_room_a,
          amcnicky_mini_rare_corridor_liquid, minivault_24,
          minmay_indecisive_spiral, uniq_crazy_yiuf_cottage
D:3:      layout_basic, uniq_ijyb
D:4:      layout_loops_cross, kennysheep_ying_yang, nicolae_gozag_seed_capital,
          dreamdust_princess_corridor, uniq_robin
D:5:      layout_cave_pools, nicolae_overflow_two_pavilions,
          portal_sewer_entry_b, uniq_grinder
D:6:      layout_loops_ring, lemuel_round_altar, minmay_temple_entry_crystal_x
D:7:      layout_cave_pools, marbit_many_paths, nicolae_ossuary_entry_giza
Temple:   hellmonk_temple_rainy
Ossuary:  ossuary_zaba_flooded

Skill      XL: |  1  2  3  4  5  6  7  8  9 |
---------------+----------------------------+-----
Dodging        | 2 3 4 5 |  5.0
Conjurations   | 2 3 4 5 6 |  6.2
Stealth        | 3 4 5 6 7 |  7.1
Spellcasting   | 3 4 5 |  5.5
Fire Magic     | 4 5 6 |  6.4

Action                     |  1- 3 |  4- 6 |  7- 9 || total
---------------------------+-------+-------+-------++-------
  Melee: Unarmed           |    20 |       |       ||    20
         Halberd           |     5 |    21 |    62 ||    88
   Cast: Foxfire           |    68 |   143 |   114 ||   325
         Scorch            |     8 |    35 |    70 ||   113
  Evoke: Wand              |       |     1 |     7 ||     8
    Use: Scroll            |       |     1 |    12 ||    13
         Potion            |       |     1 |     6 ||     7
   Stab: Invisible         |       |       |     2 ||     2
         Sleeping          |       |       |     1 ||     1
 Armour: Robe              |    42 |    74 |   163 ||   279
  Dodge: Dodged            |    59 |    58 |   190 ||   307

Table legend: (Time is in decaauts)
 A = Elapsed time spent in this place.
 B = Non-inter-level travel time spent in this place.
 C = Inter-level travel time spent in this place.
 D = Time resting spent in this place.
 E = Time spent auto-exploring this place.
 F = Levels seen in this place.
 G = Mean time per level.
                   A        B        C        D        E       F      G
               +--------+--------+--------+--------+--------+-----+--------+
         Total |  10273 |  10116 |    157 |   2249 |   6190 |   9 | 1141.4 |
       Dungeon |   9930 |   9780 |    150 |   2129 |   6178 |   7 | 1418.6 |
        Temple |     20 |     13 |      7 |      0 |      0 |   1 |   20.0 |
       Ossuary |    321 |    321 |      0 |    120 |     12 |   1 |  321.0 |
               +--------+--------+--------+--------+--------+-----+--------+

Top non-repeatable levels by time:
     D:1: 2394 daAuts
     D:5: 1647 daAuts
     D:2: 1621 daAuts
     D:4: 1476 daAuts
     D:3: 1436 daAuts
     D:6: 1159 daAuts
 Ossuary: 321 daAuts
     D:7: 195 daAuts
  Temple: 20 daAuts
